 Dungeon Crawl Stone Soup version 0.26.0-8-g74fc34ddfb (webtiles) character file.

Game seed: 8712696877265569821

14310 Delamore the Basher (level 12, -5/82 HPs)
             Began as a Gargoyle Fighter on Jan 12, 2021.
             Was the Champion of Okawaru.
             Slain by an earth elemental (24 damage)
             ... in a volcano.
             The game lasted 00:11:09 (10321 turns).

Delamore the Basher (Gargoyle Fighter)             Turns: 10321, Time: 00:11:10

Health: -5/82      AC: 30    Str: 25    XL:     12   Next: 15%
Magic:  9/15       EV: 11    Int: 12    God:    Okawaru [******]
Gold:   965        SH: 12    Dex:  9    Spells: 11/11 levels left

rFire    + . .     SeeInvis .   y - +3 flail (protect)
rCold    x . .     Faith    +   c - +0 kite shield
rNeg     + + .     Spirit   .   a - +4 scale mail "Cecoydd" {+Inv Will++ Regen+ Int+3}
rPois    ∞         Reflect  .   (no helmet)
rElec    +         Harm     .   (no cloak)
rCorr    .         Rampage  .   w - +0 pair of gloves
Will     ++...                  J - +0 pair of boots
Stlth    +.........             D - amulet of faith
HPRegen  0.63/turn              j - ring of positive energy
MPRegen  0.14/turn              p - ring of fire

@: heroism, finesse, protection aura
A: negative energy resistance 1, electricity resistance, unbreathing,
petrification resistance, miasma immunity, AC +8
a: Renounce Religion, Evoke Invisibility, Heroism, Finesse


You were in a volcano.
You worshipped Okawaru.
Okawaru was exalted by your worship.
You visited 2 branches of the dungeon, and saw 11 of its levels.
You also visited: Volcano.

You collected 965 gold pieces.

Inventory:

Hand Weapons
 y - a +3 flail of protection (weapon)
Missiles
 s - 31 poisoned darts (quivered)
 G - 5 atropa-tipped darts
Armour
 a - the +4 scale mail "Cecoydd" (worn) {+Inv Will++ Regen+ Int+3}
   (You found it on level 8 of the Dungeon)

   It affects your intelligence (+3).
   It affects your willpower, your defense against some magical effects.
   It lets you turn invisible.
   It increases your rate of regeneration.
 c - a +0 kite shield (worn)
 w - a +0 pair of gloves (worn)
 J - a +0 pair of boots (worn)
Jewellery
 i - an uncursed amulet of reflection
 j - a ring of positive energy (left hand)
 p - a ring of fire (right hand)
 D - an amulet of faith (around neck)
 I - an uncursed ring of see invisible
 M - an uncursed amulet of magic regeneration {unknown}
 P - an uncursed amulet of magic regeneration {unknown}
Wands
 b - a wand of acid (10)
 u - a wand of random effects (18)
 H - a wand of iceblast (9)
Scrolls
 d - a scroll of vulnerability
 e - 2 scrolls of blinking
 f - 2 scrolls of fog
 l - 2 scrolls of noise
 m - 2 scrolls of fear {unknown}
 n - a scroll of enchant weapon
 r - 3 scrolls of amnesia
 v - 2 scrolls of magic mapping {unknown}
 A - 2 scrolls of remove curse
 C - a scroll of enchant armour {unknown}
 E - 2 scrolls of immolation {unknown}
 F - 2 scrolls of teleportation
 N - a scroll of torment {unknown}
Potions
 g - 2 potions of heal wounds
 h - 4 potions of attraction
 k - 3 potions of lignification
 o - a potion of degeneration
 q - 2 potions of berserk rage {unknown}
 t - 4 potions of curing
 x - a potion of magic {unknown}
 z - 5 potions of haste {unknown}
 B - 3 potions of flight {unknown}
 K - a potion of might
 L - 2 potions of resistance {unknown}
 O - a potion of cancellation {unknown}


   Skills:
 + Level 12.8(17.8) Fighting
 - Level 14.0(19.0) Maces & Flails
 - Level 3.2(8.2) Armour
 - Level 5.0(10.0) Shields
 - Level 5.0 Invocations


You had 11 spell levels left.
You didn't know any spells.
Your spell library contained the following spells:

 Spells                   Type           Power        Failure   Level
 Animate Skeleton         Necr           0%           80%         1
 Apportation              Tloc           0%           80%         1
 Corona                   Hex            0%           80%         1
 Magic Dart               Conj           0%           80%         1
 Shock                    Conj/Air       0%           80%         1
 Summon Small Mammal      Summ           0%           80%         1
 Searing Ray              Conj           0%           90%         2
 Swiftness                Air            0%           90%         2
 Dazzling Flash           Conj/Hex       0%           99%         3
 Static Discharge         Conj/Air       0%           99%         3
 Airstrike                Air            0%           100%        4
 Fulminant Prism          Conj/Hex       0%           100%        4
 Iskenderun's Mystic Bla  Conj/Tloc      0%           100%        4
 Lightning Bolt           Conj/Air       0%           100%        5


Dungeon Overview and Level Annotations

Branches:
Dungeon (8/15)             Temple (0/1) D:6            Lair (3/6) D:8
  Swamp (0/4) Lair:2       Spider (0/4) Lair:2      Volcano (1/1)

Altars:
Dithmenos
Okawaru
Ru
Xom
The Shining One
Beogh


Innate Abilities, Weirdness & Mutations

You are resistant to torment.
Your stone body is resilient. (AC +8)
You are immune to poison.
You resist negative energy. (rN+)
You are resistant to electric shocks. (rElec)
You can survive without breathing.
You are immune to petrification.
You are immune to miasma.


Message History

You closely miss the molten gargoyle.
The molten gargoyle is severely damaged.
You hit the molten gargoyle.
The molten gargoyle is almost destroyed.
The molten gargoyle blasts magma at you!
The bolt of magma misses you.
You hit the molten gargoyle.
The molten gargoyle is almost destroyed.
You bludgeon the molten gargoyle!!
You destroy the molten gargoyle!
Okawaru accepts your kill.
You hit the earth elemental but do no damage.
The earth elemental is almost destroyed.
You hit the earth elemental but do no damage.
The earth elemental is almost destroyed.
You sock the earth elemental!
You destroy the earth elemental!
Okawaru accepts your kill. The earth elemental hits you!!
You die...

##≈..###...## ##§§§≈≈.##
##≈≈...#..≈..###..§§§§§.#
#§§....#.≈≈≈..##.≈≈v§§..#
#§≈)...'.≈≈☼§..#.≈≈≈≈≈≈.#
#≈≈.(..#≈≈☼≈§≈.'#≈≈≈≈###)
#≈..∩[.#≈≈☼≈≈######### ##
#≈≈.)..####≈##
#≈§[...'#####..#
#≈≈....#@.....#
##≈≈...#E....##
##≈..###...## ##.## #.##
### ##


You could see an earth elemental.

Vanquished Creatures
  3 hydras
  2 bog bodies (Lair:2)
  A lindwurm (Lair:1)
  A black mamba (Lair:3)
  A molten gargoyle (Volcano)
  4 cane toads
  3 efreet (Volcano)
  Maggie (D:7)
  A rime drake (Lair:1)
  A komodo dragon (Lair:1)
  A troll (D:6)
  3 blink frogs (Lair:2)
  Prince Ribbit (D:6)
  2 wyverns
  5 fire elementals (Volcano)
  A basilisk (Lair:3)
  Sigmund (D:4)
  7 yaks
  Edmund (D:4)
  3 water moccasins
  2 orc warriors
  Duvessa (D:7)
  A phantom (D:8)
  A sky beast (D:6)
  An eye of draining (D:6)
  2 ice beasts
  2 black bears
  2 ogres
  6 wolves (Lair:2)
  A centaur (D:7)
  A big kobold (D:8)
  7 bullfrogs
  An earth elemental (Volcano)
  Dowan (D:7)
  A scorpion (D:7)
  A wyvern skeleton (D:8)
  3 wights (D:7)
  A howler monkey (D:5)
  An electric eel (Lair:2)
  3 quasits
  2 centaur zombies (D:5)
  7 orc priests
  2 hounds
  11 orc wizards
  A bullfrog skeleton (D:6)
  3 iguanas
  Ijyb (D:3)
  Natasha (D:2)
  4 worker ants
  A worker ant zombie (D:5)
  7 adders
  A shadow imp (D:6)
  2 white imps
  An adder skeleton (D:7)
  3 worms
  3 dart slugs
  5 leopard geckos
  49 orcs
  A ball python (D:2)
  2 giant cockroaches
  13 goblins
  5 hobgoblins
  9 jackals
  3 quokkas
  13 bats
  4 frilled lizards
  2 goblin skeletons (D:8)
  4 hobgoblin zombies (D:8)
  16 kobolds
  2 orc skeletons (D:8)
  2 orc zombies (D:8)
  A quokka skeleton (D:5)
  5 rats
268 creatures vanquished.

Vanquished Creatures (others)
  An earth elemental (Volcano)
  A fire vortex (Volcano)
  4 fungi
  3 plants
9 creatures vanquished.

Grand Total: 277 creatures vanquished

Notes
Turn   | Place    | Note
-------+----------+-------------------------------------------
     0 | D:1      | Delamore the Gargoyle Fighter began the quest for the Orb.
     0 | D:1      | Reached XP level 1. HP: 14/14 MP: 1/1
    61 | D:1      | Reached XP level 2. HP: 15/19 MP: 2/2
   361 | D:1      | Reached XP level 3. HP: 24/24 MP: 3/3
   901 | D:2      | Reached XP level 4. HP: 28/29 MP: 4/4
  1071 | D:2      | Reached skill level 3 in Maces & Flails
  1195 | D:3      | Noticed Natasha
  1225 | D:2      | Killed Natasha
  1226 | D:2      | Reached XP level 5. HP: 12/34 MP: 5/5
  1768 | D:3      | Noticed Ijyb
  1780 | D:3      | Killed Ijyb
  2255 | D:4      | Reached XP level 6. HP: 34/40 MP: 6/6
  2308 | D:4      | Reached skill level 5 in Fighting
  2419 | D:4      | Reached skill level 4 in Maces & Flails
  2419 | D:4      | Reached skill level 5 in Shields
  2767 | D:4      | Reached skill level 5 in Maces & Flails
  2801 | D:4      | Noticed Sigmund
  2829 | D:4      | Killed Sigmund
  2830 | D:4      | Reached XP level 7. HP: 44/44 MP: 7/7
  2907 | D:4      | Reached skill level 6 in Maces & Flails
  2964 | D:4      | Found a sacrificial altar of Ru.
  3373 | D:4      | Noticed Edmund
  3391 | D:4      | Killed Edmund
  3392 | D:4      | Reached skill level 7 in Maces & Flails
  3616 | D:5      | Entered Level 5 of the Dungeon
  3639 | D:5      | Reached XP level 8. HP: 34/49 MP: 8/8
  3779 | D:5      | Found a runed translucent door.
  4057 | D:5      | Found a shadowy altar of Dithmenos.
  4058 | D:5      | Found an iron altar of Okawaru.
  4078 | D:5      | Reached skill level 8 in Maces & Flails
  4090 | D:5      | Became a worshipper of Warmaster Okawaru
  4495 | D:5      | Reached skill level 9 in Maces & Flails
  4714 | D:5      | Found a roughly hewn altar of Beogh.
  4845 | D:6      | Found a staircase to the Ecumenical Temple.
  4848 | D:6      | Noticed Prince Ribbit
  4861 | D:6      | Killed Prince Ribbit
  4861 | D:6      | Reached * piety under Okawaru
  4903 | D:6      | Found an iron altar of Okawaru.
  4907 | D:6      | Noticed a troll
  4957 | D:6      | Killed a troll
  4958 | D:6      | Reached skill level 10 in Maces & Flails
  4958 | D:6      | Reached XP level 9. HP: 26/54 MP: 6/9
  5941 | D:7      | Reached skill level 11 in Maces & Flails
  6084 | D:7      | Noticed Maggie
  6105 | D:7      | Killed Maggie
  6105 | D:7      | Reached ** piety under Okawaru
  6213 | D:7      | Noticed Duvessa
  6223 | D:7      | Killed Duvessa
  6236 | D:7      | Noticed Dowan
  6267 | D:7      | Killed Dowan
  6355 | D:7      | Reached skill level 12 in Maces & Flails
  6986 | D:8      | Found a glowing golden altar of the Shining One.
  7015 | D:8      | Reached *** piety under Okawaru
  7016 | D:8      | Reached XP level 10. HP: 59/59 MP: 10/10
  7041 | D:8      | Got an agate-encrusted scale mail
  7052 | D:8      | Identified the +4 scale mail "Cecoydd" {+Inv Will++ Regen+
                  | Int+3} (You found it on level 8 of the Dungeon)
  7339 | D:8      | Reached skill level 13 in Maces & Flails
  7378 | D:8      | Found a staircase to the Lair.
  7424 | D:8      | Found a shimmering altar of Xom.
  7651 | Lair:1   | Entered Level 1 of the Lair of Beasts
  7651 | Lair:1   | Noticed a cane toad
  7667 | Lair:1   | Killed a cane toad
  7850 | Lair:1   | Noticed a six-headed hydra
  7999 | Lair:1   | Killed a six-headed hydra
  7999 | Lair:1   | Reached **** piety under Okawaru
  8099 | Lair:1   | Noticed a cane toad
  8104 | Lair:1   | Killed a cane toad
  8104 | Lair:1   | Received a gift from Okawaru
  8105 | Lair:1   | Reached skill level 14 in Maces & Flails
  8300 | Lair:1   | Reached skill level 1 in Invocations
  8433 | Lair:1   | Reached ***** piety under Okawaru
  8455 | Lair:1   | Noticed a lindwurm
  8470 | Lair:1   | Noticed a six-headed hydra
  8481 | Lair:1   | Killed a lindwurm
  8486 | Lair:1   | Reached XP level 11. HP: 44/67 MP: 5/14
  8491 | Lair:1   | Killed a six-headed hydra
  8492 | Lair:1   | Reached skill level 5 in Invocations
  8904 | Lair:2   | Noticed a four-headed hydra
  8918 | Lair:2   | Killed a four-headed hydra
  8918 | Lair:2   | Received a gift from Okawaru
  9005 | Lair:2   | Reached ****** piety under Okawaru
  9039 | Lair:2   | Found a hole to the Spider Nest.
  9043 | Lair:2   | Reached skill level 10 in Fighting
  9050 | Lair:2   | Noticed a bog body
  9060 | Lair:2   | Killed a bog body
  9080 | Lair:2   | Noticed a bog body
  9082 | Lair:2   | Found a staircase to the Swamp.
  9087 | Lair:2   | Killed a bog body
 10036 | Lair:3   | Received a gift from Okawaru
 10052 | Lair:3   | Found a dark tunnel.
 10059 | Volcano  | Entered a volcano
 10097 | Volcano  | Reached XP level 12. HP: 70/81 MP: 13/15
 10321 | Volcano  | Slain by an earth elemental

Illustrated notes

Levels and vault maps discovered:
D:1:      minmay_arrival_stair_chambers, layout_basic, minmay_ruptured
D:2:      layout_rooms, kennysheep_generic_room_9
D:3:      layout_basic, uniq_natasha, uniq_ijyb
D:4:      layout_loops_corners, nicolae_ru_awakened_eye, uniq_edmund,
          uniq_sigmund
D:5:      layout_loops_ring, gammafunk_temple_overflow_statue,
          lightli_church_of_beogh
D:6:      layout_basic, minmay_temple_entry_junction, basic_altar,
          uniq_prince_ribbit1
D:7:      layout_basic, chequers_serial_rivers_small_3, uniq_maggie,
          uniq_duvessa
D:8:      layout_loops_ring, overflow_temple_1_default, lair_entry_dummy,
          nicolae_tso_besieged_by_evil
Lair:1:   layout_hall_layers, nzn_random_ring
Lair:2:   layout_chaotic_city, skrybe_swamp_entry_bodies,
          spider_nest_entry_web_field, cheibrodos_lair_caveside_slide
Lair:3:   layout_chaotic_city, enter_volcano_2, chequers_serial_rivers_marsh,
          uniq_sonja
Volcano:  volcano_aerie

Skill      XL: |  1  2  3  4  5  6  7  8  9 10 11 |
---------------+----------------------------------+-----
Fighting       | 4 5 7 12 | 12.8
Shields        | 4 5 |  5.0
Maces & Flails | 3 5 7 10 12 14 | 14.0
Invocations    | 4 5 |  5.0
Armour         | |  3.2

Action                   |  1- 3 |  4- 6 |  7- 9 | 10-12 || total
-------------------------+-------+-------+-------+-------++-------
Melee: Flail             |   131 |   250 |   346 |   470 ||  1197
Throw: Dart              |       |       |     7 |    15 ||    22
Invok: Heroism           |       |       |     1 |     4 ||     5
       Finesse           |       |       |       |     2 ||     2
  Use: Scroll            |       |     4 |       |     8 ||    12
       Potion            |       |       |     1 |       ||     1
Armor: Scale mail        |    77 |    98 |   110 |   271 ||   556
       Chain mail        |       |       |    55 |     9 ||    64
Dodge: Dodged            |    48 |    68 |    55 |   115 ||   286
Block: Kite shield       |   121 |   239 |   227 |   214 ||   801
       Reflection        |       |     4 |     6 |       ||    10
